Map: [ESL] Hecate

Players

trigger

  • Race: Protoss Protoss
  • League: Grandmaster
  • Spawn Location: 1:00

Bunny - Winner!

  • Race: Terran Terran
  • Spawn Location: 7:00

Event: IEM Katowice 2024

VOD

Have the link to the VOD?

Description

Time

  • Played on: Dec. 10, 2023, 8:33 p.m.
  • Length: 10:20

All games in this series

Show
View Real Time Build Order
Export as new Build Order

trigger Protoss 

Build Orders: Blink Stalkers, Colossus Rush 

Get SALT Encoding   

  12  0:00  Probe  
  13  0:13  Probe  
  14  0:18  Pylon  
  14  0:25  Probe (Chrono Boost)  
  15  0:37  Gateway  
  15  0:38  Probe (Chrono Boost)  
  16  0:43  Probe (Chrono Boost)  
  16  0:46  Assimilator  
  17  0:52  Probe  
  18  1:04  Probe  
  19  1:16  Probe  
  20  1:24  Cybernetics Core  
  20  1:29  Probe  
  21  1:48  Nexus  
  21  1:52  Pylon  
  21  2:00  Assimilator  
  21  2:02  Adept (Chrono Boost)  
  23  2:10  Probe  
  23  2:12  Warp Gate  
  24  2:23  Probe (Chrono Boost)  
  24  2:25  Stalker  
  27  2:32  Probe (Chrono Boost)  
  28  2:40  Probe  
  29  2:44  Twilight Council  
  29  2:54  Probe (Chrono Boost)  
  30  3:01  Probe (Chrono Boost)  
  32  3:10  Gateway, Probe x2 (Chrono Boost)  
  33  3:15  Probe (Chrono Boost)  
  35  3:20  Blink, Probe (Chrono Boost)  
  36  3:27  Probe (Chrono Boost)  
  36  3:32  Probe x2 (Chrono Boost)  
  37  3:36  Robotics Facility  
  37  3:41  Probe  
  38  3:42  Probe  
  39  3:51  Nexus  
  39  3:54  Probe  
  40  3:57  Probe  
  40  3:58  Pylon  
  41  4:04  Stalker  
  43  4:10  Stalker  
  43  4:11  Probe  
  43  4:16  Assimilator, Probe  
  47  4:19  Assimilator  
  47  4:23  Probe  
  48  4:25  Observer  
  48  4:27  Stalker  
  48  4:29  Probe, Pylon  
  52  4:35  Probe  
  53  4:41  Probe (Chrono Boost)  
  50  4:51  Probe (Chrono Boost)  
  52  4:53  Probe (Chrono Boost)  
  52  4:55  Robotics Bay  
  54  5:00  Probe (Chrono Boost)  
  54  5:01  Probe (Chrono Boost)  
  54  5:05  Gateway, Probe (Chrono Boost)  
  54  5:06  Gateway  
  56  5:08  Probe (Chrono Boost)  
  56  5:12  Probe x2 (Chrono Boost)  
  58  5:15  Probe (Chrono Boost)  
  58  5:17  Stalker, Probe (Chrono Boost)  
  58  5:19  Probe  
  63  5:23  Stalker  
  63  5:27  Probe (Chrono Boost)  
  66  5:29  Probe (Chrono Boost)  
  66  5:35  Probe (Chrono Boost)  
  66  5:39  Probe (Chrono Boost), Charge  
  66  5:41  Probe (Chrono Boost)  
  68  5:44  Colossus (Chrono Boost)  
  68  5:48  Probe (Chrono Boost)  
  76  5:50  Probe x2 (Chrono Boost)  
  76  5:55  Observer  
  76  5:56  Pylon  
  77  5:58  Extended Thermal Lance  
  77  6:01  Observer  
  77  6:02  Shield Battery  
  77  6:05  Pylon  
  77  6:11  Gateway  
  77  6:12  Observer, Gateway  
  77  6:14  Probe (Chrono Boost)  
  77  6:15  Probe x2 (Chrono Boost)  
  80  6:24  Pylon  
  80  6:25  Shield Battery  
  80  6:27  Templar Archives  
  80  6:31  Probe (Chrono Boost)  
  80  6:32  Probe (Chrono Boost)  
  83  6:33  Probe (Chrono Boost)  
  83  6:34  Assimilator  
  83  6:35  Colossus (Chrono Boost)  
  83  6:39  Probe (Chrono Boost)  
  89  6:40  Probe  
  89  6:41  Probe  
  89  6:46  Stalker x2  
  95  6:51  Zealot x2  
  89  7:03  Probe x2  
  89  7:07  Stalker x2  
  88  7:10  Probe  
  88  7:11  High Templar  
  88  7:14  Zealot x3  
  97  7:19  Probe  
  97  7:22  Probe  
  93  7:24  Probe  
  81  7:31  Stalker x2  
  79  7:38  Probe (Chrono Boost)  
  79  7:40  Probe (Chrono Boost)  
  79  7:42  Pylon  
  79  7:43  Probe (Chrono Boost)  
  80  7:47  Probe (Chrono Boost)  
  80  7:48  Probe (Chrono Boost)  
  80  7:51  Pylon  
  82  7:52  Probe (Chrono Boost)  
  82  7:55  High Templar, Zealot x2, Forge  
  82  7:56  Zealot x2  
  93  8:00  Probe (Chrono Boost), Pylon  
  94  8:06  Probe (Chrono Boost)  
  94  8:07  Pylon, Probe (Chrono Boost)  
  94  8:09  Probe (Chrono Boost)  
  94  8:10  Pylon  
  96  8:16  Stalker  
  96  8:17  Stalker x3  
  102  8:21  Probe x2  
  102  8:22  Probe  
  102  8:25  Pylon  
  105  8:33  Probe  
  103  8:34  Zealot  
  103  8:38  Colossus (Chrono Boost)  
  111  8:42  Photon Cannon  
  111  8:45  Archon  
  107  8:50  Zealot x4  
  106  8:56  Stalker  
  106  8:57  Probe x2  
  106  9:03  Gateway  
  106  9:05  Probe  
  106  9:06  Gateway  
  107  9:10  Zealot x2  
  107  9:12  Pylon  
  110  9:17  High Templar x2  
  112  9:24  Observer (Chrono Boost), Assimilator  
  112  9:26  Pylon  
  112  9:28  Sentry  
  115  9:43  Zealot x2, Archon  
  108  9:49  Zealot x2  
  102  9:53  Zealot  
Show
View Real Time Build Order
Export as new Build Order

Bunny Terran - Winner!

Build Orders: Reaper Expand 

Get SALT Encoding   

  12  0:00  SCV  
  13  0:12  SCV  
  14  0:17  Supply Depot  
  14  0:24  SCV  
  15  0:38  SCV  
  15  0:40  Barracks  
  16  0:43  Refinery  
  16  0:51  SCV  
  17  1:03  SCV  
  18  1:13  Engineering Bay  
  18  1:15  SCV  
  19  1:28  Orbital Command, Reaper  
  19  1:48  Command Center  
  19  1:53  SCV  
  20  1:57  Supply Depot  
  20  2:01  Marine  
  20  2:05  SCV  
  22  2:13  Factory  
  22  2:18  SCV  
  22  2:21  Refinery  
  23  2:25  Barracks Reactor  
  23  2:29  Bunker  
  23  2:32  SCV  
  24  2:44  SCV  
  25  2:56  Hellion, SCV  
  25  2:57  Starport  
  28  3:02  Orbital Command  
  28  3:08  SCV  
  28  3:09  Marine  
  28  3:12  Marine  
  31  3:18  Widow Mine  
  33  3:20  SCV  
  34  3:29  SCV  
  34  3:31  Marine x2  
  34  3:32  SCV  
  38  3:34  Medivac  
  38  3:38  Supply Depot  
  38  3:41  Widow Mine  
  42  3:44  SCV x2  
  44  3:51  Marine  
  44  3:52  Barracks  
  44  3:54  Marine  
  46  4:00  SCV x2  
  46  4:02  Supply Depot  
  48  4:03  Factory Tech Lab  
  48  4:06  Starport Tech Lab  
  48  4:12  Marine x2, SCV x2  
  52  4:18  Supply Depot  
  52  4:21  Refinery  
  52  4:24  SCV  
  52  4:25  Raven, SCV  
  56  4:31  Barracks  
  56  4:37  Marine x2  
  57  4:40  SCV  
  57  4:41  SCV  
  59  4:51  Engineering Bay  
  59  4:52  Interference Matrix  
  55  4:53  Stimpack, SCV x2  
  55  4:55  Marine, Marauder  
  55  4:59  Raven  
  62  5:04  Supply Depot, Marine, Factory Reactor  
  62  5:05  SCV  
  64  5:08  SCV  
  64  5:10  Refinery  
  65  5:15  Marine  
  65  5:18  SCV  
  65  5:20  SCV  
  68  5:21  Marine  
  68  5:26  Supply Depot  
  68  5:27  Marauder  
  71  5:33  SCV x2  
  71  5:36  Marine  
  71  5:39  Terran Infantry Weapons Level 1, Marine, Supply Depot  
  71  5:41  Supply Depot  
  73  5:45  SCV x2  
  73  5:48  Marauder  
  77  5:54  Marine  
  78  5:57  Marine, SCV x2  
  78  5:59  Combat Shield  
  78  6:01  Factory Reactor, Marauder  
  78  6:02  Medivac x2  
  87  6:05  Supply Depot  
  87  6:10  Marauder  
  89  6:11  Marine  
  89  6:15  Marine  
  91  6:20  Command Center  
  91  6:24  Supply Depot  
  91  6:25  Supply Depot  
  91  6:29  Marine  
  92  6:32  Medivac  
  92  6:33  Marine, Concussive Shells  
  95  6:40  Marine, Marauder  
  95  6:42  Widow Mine x2  
  100  6:47  Marine  
  100  6:48  SCV  
  100  6:49  SCV  
  102  6:54  Marine  
  102  7:01  Barracks  
  102  7:02  Medivac x2  
  102  7:04  Barracks  
  102  7:06  Marauder x2  
  102  7:07  Marine  
  111  7:11  Widow Mine x2  
  111  7:12  Marine  
  111  7:26  SCV x2  
  111  7:27  Marauder x2  
  111  7:29  Marine x2  
  104  7:32  Widow Mine x2  
  101  7:40  Medivac x2  
  101  7:44  Terran Infantry Armor Level 1  
  102  7:46  Marine  
  102  7:47  Marine  
  102  7:49  Marauder x2  
  108  7:54  Widow Mine x2  
  108  7:55  Missile Turret  
  108  7:57  Barracks Reactor  
  108  7:58  Barracks Tech Lab, SCV x2  
  112  8:04  Marine  
  112  8:05  Orbital Command, Marine  
  115  8:12  SCV x2  
  118  8:13  Supply Depot, Ghost Academy  
  118  8:17  Marauder x2  
  122  8:22  Marauder  
  122  8:24  Marine x2  
  126  8:29  Armory  
  126  8:30  SCV x2  
  126  8:33  Viking  
  130  8:34  SCV  
  130  8:41  Marauder x2  
  135  8:42  SCV  
  135  8:43  Marine x2  
  130  8:52  Marauder  
  130  8:54  Marine  
  130  8:55  Marine  
  126  8:58  SCV x3  
  126  9:00  Marine, Refinery x2  
  126  9:02  Marauder x2  
  134  9:03  Supply Depot, Marine  
  135  9:12  Ghost, Marine  
  138  9:18  Marine  
  138  9:23  Ghost x2, SCV x3  
  138  9:24  Supply Depot  
  146  9:25  Missile Turret, Marine  
  146  9:27  Supply Depot  
  146  9:28  Marine  
  146  9:30  Marine  
  149  9:32  Medivac  
  149  9:33  Medivac  
  149  9:34  Widow Mine  
  155  9:42  Marauder  
  155  9:52  Marauder  
  150  9:57  Marine x3  
  150  9:58  Marine  
  142  10:05  SCV x3  

Tags
 
Add a new tag
Caveats
  • Supply blocks, unpowered buildings, or Contaminate may cause inaccurate times.
  • Supply counts are checked every 10 seconds.